 Dungeon Crawl Stone Soup version 0.23.1 (webtiles) character file.

Game seed: 0

356 glosham the Skirmisher (level 6, -1/55 HPs)
             Began as a Mummy Abyssal Knight on Mar 9, 2019.
             Was a Believer of Lugonu.
             Killed from afar by an orc wizard (9 damage)
             ... with a puff of flame
             ... on level 2 of the Dungeon.
             The game lasted 00:52:25 (3338 turns).

glosham the Skirmisher (Mummy Abyssal Knight)       Turns: 3338, Time: 00:52:26

Health: -1/55      AC: 10    Str: 18    XL:     6   Next: 36%
Magic:  7/7        EV: 22    Int: 11    God:    Lugonu [**....]
Gold:   128        SH:  0    Dex: 11    Spells: 5/5 levels left

rFire    x . .     SeeInvis .   i - +0 flail
rCold    + . .     Gourm    .   (no shield)
rNeg     + + +     Faith    .   X - +0 chain mail
rPois    ∞         Spirit   .   U - +0 helmet
rElec    .         Reflect  .   (no cloak)
rCorr    .         Harm     .   V - +0 pair of gloves
MR       .....                  (no boots)
Stlth    ..........             z - amulet of the acrobat
HPRegen  0.18/turn              (no ring)
MPRegen  0.10/turn              (no ring)

@: acrobat, very slightly contaminated
A: no food or potions, fire vulnerability, cold resistance 1, negative energy
resistance 3, torment resistance, unbreathing
a: Depart the Abyss, Bend Space, Renounce Religion


You were on level 2 of the Dungeon.
You worshipped Lugonu.
Lugonu was pleased with you.
You were not hungry.

You visited 1 branch of the dungeon, and saw 4 of its levels.
You visited the Abyss 1 time.

You collected 128 gold pieces.

Inventory:

Hand Weapons
 a - a +1 hand axe
 b - a +4 dagger of protection
 c - a +0 blowgun
 d - a +0 spear
 g - a +1 dagger of pain
 i - a +0 flail (weapon)
Missiles
 e - 13 sling bullets
 f - 120 stones (quivered)
 h - 33 arrows
 j - 14 poisoned needles
Armour
 n - a +1 robe of resistance
 p - a +0 ring mail
 U - a +0 helmet (worn)
 V - a +0 pair of gloves (worn)
 X - a +0 chain mail (worn)
Jewellery
 z - an amulet of the acrobat (around neck)
Scrolls
 k - 2 scrolls of magic mapping
 m - a scroll of immolation
 o - a scroll of remove curse


   Skills:
 * Level 7.2 Fighting
 - Level 1.5 Axes
 - Level 1.5 Armour
 - Level 0.7 Dodging
 - Level 1.5 Invocations


You had 5 spell levels left.
You didn't know any spells.
Your spell library was empty.

Dungeon Overview and Level Annotations

Branches:
Dungeon (4/15)
 Temple: D:4-7

Altars:

Annotations:
D:3 3 runed translucent doors, Defined's ghost, amateur GrFi


Innate Abilities, Weirdness & Mutations

You do not eat or drink.
Your flesh is vulnerable to fire.
You are immune to poison.
Your flesh is cold resistant. (rC+)
You are immune to negative energy. (rN+++)
You are immune to unholy pain and torment.
You can survive without breathing.


Message History

You sock the orc priest!
The orc priest is heavily wounded.
The orc hits you but does no damage. The orc priest closely misses you.
The orc wizard hits you but does no damage.
You hit the orc priest.
The orc priest is severely wounded.
The orc barely misses you.
The orc wizard points at you and mumbles some strange words.
The magic dart hits you.
* * * LOW HITPOINT WARNING * * *
The orc priest hits you with a +0 flail.
* * * LOW HITPOINT WARNING * * *
The orc hits you from afar with a +0 trident.
* * * LOW HITPOINT WARNING * * *
You sock the orc priest!
You kill the orc priest!
Lugonu accepts your kill. The orc wizard closely misses you.
The orc completely misses you.
The orc wizard hits you but does no damage.
Your chain mail prevents you from hitting the orc wizard.
The orc wizard hits you but does no damage.
The orc hits you but does no damage.
You closely miss the orc wizard.
The orc wizard mumbles some strange words.
The orc wizard flickers and vanishes!
The orc hits you but does no damage. Something hits you but does no damage.
The orc completely misses you. Something barely misses you.
There is an escape hatch in the ceiling here.
Things that are here:
a +0 flail; an orc corpse The orc barely misses you.
Something hits you but does no damage. A mysterious force pulls you upwards.
The hatch slams shut behind you. The orc closely misses you.
You hear some strange, mumbled words.
A puff of flame appears from out of thin air!
The puff of flame misses you.
A puff of flame appears from out of thin air!
The puff of flame hits you! The fire burns you terribly!
You die...

#.# #.#........^......# #.#.....
#####.#..........#.#.## #.#..#..
#................#.#.# #.#.....
#.###.#.#......#.#.#.# #.#.....
#.# #.#.#....#.#.#.#.# #.#...##
##.###.#........#.#.#.# #.#.....
.#.##.............#.#.# #.#..#.#
.#.################.#.####.#..#.#
...# #........o.@..........#..#.#
...###.###...{........######..#.#
.........'..............†..#..#.#
.#####.###............####.#..#.#
.# #.# #............# #.#..#.. ##
#.# ##'#######.######.#..###
#.####.######..#..<......#
#.##...........#.####.##.#
#.##.#.######..#.......#.#


You could see an orc.

Vanquished Creatures
  An orc warrior (D:4)
  An orc priest (D:3)
  A gnoll shaman (D:3)
  A worker ant (D:3)
  8 gnolls
  4 adders
  2 oozes
  2 worms (D:2)
  A dart slug (D:1)
  An orc (D:3)
  4 giant cockroaches
  3 goblins
  9 hobgoblins
  A quokka (D:3)
  A ball python (D:1)
  7 bats
  4 frilled lizards
  8 kobolds
  7 rats
66 creatures vanquished.

Notes
Turn   | Place    | Note
-------+----------+-------------------------------------------
     0 | Abyss:1  | glosham the Mummy Abyssal Knight began the quest for the
                  | Orb.
     0 | Abyss:1  | Reached XP level 1. HP: 18/18 MP: 2/2
     5 | Abyss:1  | Noticed an orange demon
    40 | Abyss:1  | Noticed a thrashing horror
    96 | Abyss:2  | Noticed a demonic crawler
   107 | D:1      | Escaped the Abyss
   459 | D:1      | Reached XP level 2. HP: 25/25 MP: 3/3
   580 | D:1      | Reached * piety under Lugonu
   628 | D:1      | Reached skill level 4 in Fighting
   879 | D:2      | Reached XP level 3. HP: 22/30 MP: 4/4
  1245 | D:2      | Found a faded altar of an unknown god.
  1939 | D:3      | Found a runed translucent gate.
  1939 | D:3      | Found a runed translucent gate.
  1939 | D:3      | Found a runed translucent gate.
  1941 | D:3      | Noticed Defined's ghost (amateur GrFi)
  1947 | D:3      | Reached XP level 4. HP: 38/38 MP: 5/5
  2079 | D:3      | Reached skill level 5 in Fighting
  2658 | D:3      | Reached ** piety under Lugonu
  2698 | D:3      | Reached XP level 5. HP: 35/46 MP: 6/6
  2807 | D:3      | Reached skill level 6 in Fighting
  3304 | D:4      | Noticed an orc warrior
  3323 | D:4      | Killed an orc warrior
  3323 | D:4      | Reached skill level 7 in Fighting
  3323 | D:4      | Reached XP level 6. HP: 13/55 MP: 7/7
  3338 | D:2      | Killed from afar by an orc wizard

Skill      XL: |  1  2  3  4  5 |
---------------+----------------+-----
Fighting       | 4 5 7 |  7.2
Axes           | |  1.5
Armour         | |  1.5
Dodging        | |  0.7
Invocations    | |  1.5

Action                   |  1- 3 |  4- 6 || total
-------------------------+-------+-------++-------
Melee: Hand axe          |   136 |   144 ||   280
       Flail             |       |     5 ||     5
 Fire: Blowgun           |       |     9 ||     9
Invok: Depart the Abyss  |     1 |       ||     1
  Use: Scroll            |     5 |     2 ||     7
Armor: Robe              |    36 |     5 ||    41
       Leather armour    |     1 |       ||     1
       Chain mail        |       |    78 ||    78
Dodge: Dodged            |    77 |    74 ||   151

Table legend:
 A = Turns spent in this place as a percentage of turns spent in the entire game.
 B = Non-inter-level travel turns spent in this place as a percentage of non-inter-level travel turns spent in the entire game.
 C = Inter-level travel turns spent in this place as a percentage of turns spent in this place.
 D = Turns resting spent in this place as a percentage of non-inter-level travel turns spent in this place.
 E = Turns spent auto-exploring this place as a percentage of non-inter-level travel turns spent in this place.
 F = Non-inter-level travel turns spent in this place divided by the number of levels of this place that you've seen.
                   A       B       C       D       E      F
               +-------+-------+-------+-------+-------+----------------------
         Total | 100.0 | 100.0 |   6.2 |  31.5 |   2.7 | 521.8
       Dungeon |  96.8 |  96.6 |   6.4 |  32.6 |   2.8 | 756.0
         Abyss |   3.2 |   3.4 |   0.0 |   0.0 |   0.0 |  53.5
               +-------+-------+-------+-------+-------+----------------------

Table legend:
 A = Kills in this place as a percentage of kills in entire the game.
 B = Kills by you in this place as a percentage of kills by you in the entire game.
 C = Kills by friends in this place as a percentage of kills by friends in the entire game.
 D = Other kills in this place as a percentage of other kills in the entire game.
 E = Experience gained in this place as a percentage of experience gained in the entire game.
 F = Experience gained in this place divided by the number of levels of this place that you have seen.
                   A       B       C       D       E      F
               +-------+-------+-------+-------+-------+----------------------
         Total | 100.0 | 100.0 |   N/A |   N/A | 100.0 |  84.8
       Dungeon | 100.0 | 100.0 |   N/A |   N/A | 100.0 | 127.2
               +-------+-------+-------+-------+-------+----------------------

Levels and vault maps discovered:
D:1:      dpeg_arrival_radiant, layout_rooms, chequers_serial_rivers_micro_e
D:2:      layout_basic, chequers_ecumenical_altar_simple_redux,
          minmay_tetromino_o2
D:3:      layout_basic, gammafunk_ghost_split
D:4:      layout_cave_pools, lemuel_doored_altar, first_ration
Abyss:1:  gammafunk_corrupted_shrine
Abyss:2
